 Dungeon Crawl Stone Soup version 0.27.1-1-g398f81649c (webtiles) character file.

Game seed: 9073547001995988075

11 nxtlvl the Cudgeller (level 2, -3/24 HPs)
             Began as a Formicid Monk on Sept 22, 2021.
             Slain by a quokka (4 damage)
             ... on level 1 of the Dungeon.
             The game lasted 00:02:02 (177 turns).

nxtlvl the Cudgeller (Formicid Monk)                 Turns: 177, Time: 00:02:03

Health: -3/24      AC:  2    Str: 15    XL:     2   Next: 35%
Magic:  2/2        EV: 12    Int:  9    God:
Gold:   15         SH:  0    Dex: 13    Spells: 1/1 levels left

rFire    . . .     SeeInvis +   a - +0 mace
rCold    . . .     Faith    .   (no shield)
rNeg     . . .     Spirit   .   b - +0 robe
rPois    .         Reflect  .   (helmet unavailable)
rElec    .         Harm     .   (no cloak)
rCorr    .         Rampage  .   (no gloves)
Will     .....                  (no boots)
Stlth    ++........             (no amulet)
HPRegen  0.08/turn              (no ring)
MPRegen  0.08/turn              (no ring)

@: no status effects
A: permanent stasis, dig shafts and tunnels, antennae 3, four strong arms
a: Dig, Shaft Self


You were on level 1 of the Dungeon.
You visited 1 branch of the dungeon, and saw 2 of its levels.

You collected 15 gold pieces.

Inventory:

Hand Weapons
 a - a +0 mace (weapon)
Armour
 b - a +0 robe (worn)


   Skills:
 - Level 3.2 Fighting
 * Level 3.6 Maces & Flails
 - Level 2.6 Dodging
 - Level 2.4 Stealth


You had one spell level left.
You didn't know any spells.
Your spell library contained the following spells:

 Spells                   Type           Power      Damage    Failure   Level
 Iskenderun's Battlesphe  Conj           0%         2d6       100%        5
 Iron Shot                Conj/Erth      0%         9d1       100%        6
 Spellforged Servitor     Conj/Summ      0%         N/A       100%        7


Dungeon Overview and Level Annotations

Branches:
Dungeon (2/15)

Altars:


Innate Abilities, Weirdness & Mutations

You cannot be hasted, slowed, berserked, paralysed or teleported.
You can dig through walls and to a lower floor.
You have a pair of large antennae on your head. (SInv)
Your four strong arms can wield two-handed weapons with a shield.


Message History

a +0 dagger; a ball python corpse
There is an open door here.
You closely miss the frilled lizard. The frilled lizard bites you. x2
You hit the frilled lizard.
You kill the frilled lizard!
There is an open door here.
Things that are here:
a +0 dagger; a ball python corpse A jackal comes into view.
A jackal comes into view.
A jackal comes into view.
The jackal barks! x2
The jackal barks!
You sock the jackal!
You kill the jackal!
You barely miss the jackal. The jackal closely misses you.
The jackal bites you.
A quokka comes into view.
You hit the jackal.
You kill the jackal!
The jackal bites you.
You miss the jackal. The jackal barely misses you.
You hit the jackal.
The jackal is moderately wounded.
The jackal bites you but does no damage. x2
You hit the jackal but do no damage.
The jackal is moderately wounded.
The jackal barely misses you. The jackal bites you.
You thump the jackal!
You kill the jackal!
The quokka bites you.
* * * LOW HITPOINT WARNING * * *
You closely miss the quokka. The quokka bites you.
* * * LOW HITPOINT WARNING * * *
You hit the quokka.
The quokka is severely wounded.
The quokka bites you.
* * * LOW HITPOINT WARNING * * *
The quokka bites you.
You die...

##.## #... .... ###.. .... .
###.#######....
#......@r......
#.###.###########
#..............#########
########.########.#.........
#...####.# #............##..
#......#.# #............##..
#......#)###............##..#
#......'................##...
#......#.###............##...


You could see a quokka.

Vanquished Creatures
  3 goblins (D:1)
  3 jackals (D:1)
  A ball python (D:1)
  A bat (D:1)
  2 frilled lizards (D:1)
10 creatures vanquished.

Notes
Turn   | Place    | Note
-------+----------+-------------------------------------------
     0 | D:1      | nxtlvl the Formicid Monk began the quest for the Orb.
     0 | D:1      | Reached XP level 1. HP: 18/18 MP: 1/1
    34 | D:1      | Found a faded altar of an unknown god.
   152 | D:1      | Reached XP level 2. HP: 15/24 MP: 2/2
   177 | D:1      | HP: 1/24 [quokka (1)]
   177 | D:1      | Slain by a quokka

Illustrated notes

Levels and vault maps discovered:
D:1:      minmay_arrival_diagonal_passages, layout_basic,
          shapermc_ecumenical_altar_hornbeckon
D:2:      layout_basic, chequers_serial_rivers_micro_a,
          hangedman_decor_riveting, grunt_ministairs_15

Action                   || total
-------------------------++-------
Melee: Mace              ||    26
 Abil: Dig               ||     2
 Stab: Sleeping          ||     1
Armor: Robe              ||     4
Dodge: Dodged            ||    11
